 Dungeon Crawl Stone Soup version 0.29.0-11-gd7f09526c8 (webtiles) character file.

Game seed: 6981471663870325343

60 Arum the Shield-Bearer (level 4, -8/33 HPs)
             Began as a Formicid Fighter on Sept 2, 2022.
             Mangled by an ice devil (10 damage)
             ... summoned by Xom
             ... on level 2 of the Dungeon.
             The game lasted 00:01:30 (1230 turns).

Arum the Shield-Bearer (Formicid Fighter)           Turns: 1230, Time: 00:01:31

Health: -8/33      AC:  8    Str: 21    XL:     4   Next: 24%
Magic:  4/4        EV:  9    Int:  7    God:
Gold:   100        SH:  5    Dex: 13    Spells: 3/3 levels left

rFire   x . .      SeeInvis +   a - +0 quarterstaff
rCold   + . .      Faith    .   c - +0 buckler
rNeg    + . .      Spirit   .   b - +0 scale mail
rPois   .          Reflect  .   (helmet unavailable)
rElec   .          Harm     .   (no cloak)
rCorr   .          Rampage  .   (no gloves)
Will    .....                   o - +0 pair of boots
Stlth   ..........              (no amulet)
HPRegen 0.11/turn               e - ring of ice
MPRegen 0.09/turn               r - ring of positive energy

@: no status effects
A: permanent stasis, dig shafts and tunnels, antennae 3, four strong arms, frail
1, weak 1
a: Dig, Shaft Self


You were on level 2 of the Dungeon.
You visited 1 branch of the dungeon, and saw 2 of its levels.

You collected 100 gold pieces.

Inventory:

Hand Weapons
 a - a +0 quarterstaff (weapon)
Missiles
 j - 2 throwing nets
Armour
 b - a +0 scale mail (worn)
 c - a +0 buckler (worn)
 o - a +0 pair of boots (worn)
Jewellery
 e - a ring of ice (left hand)
 r - a ring of positive energy (right hand)
Scrolls
 g - a scroll of amnesia {unknown}
 h - a scroll of identify {unknown}
 l - a scroll of teleportation {unknown}
 m - a scroll of fog {unknown}
 n - a scroll of enchant weapon {unknown}
 s - a scroll of enchant armour {unknown}
Potions
 d - 3 potions of might
 f - 2 potions of heal wounds {unknown}
 i - a potion of brilliance {unknown}
 k - a potion of mutation {unknown}
 p - a potion of experience {unknown}
 q - a potion of attraction {unknown}
 t - a potion of resistance {unknown}


   Skills:
 + Level 4.0 Fighting
 + Level 2.9 Staves
 + Level 4.0 Armour
 - Level 4.0 Shields


You had 3 spell levels left.
You didn't know any spells.
Your spell library was empty.

Dungeon Overview and Level Annotations

Branches:
Dungeon (2/15)

Altars:
Xom


Innate Abilities, Weirdness & Mutations

You cannot be hasted, slowed, berserked, paralysed or teleported.
You can dig through walls and to a lower floor.
You have a pair of large antennae on your head. (SInv)
Your four strong arms can wield two-handed weapons with a shield.
You are frail. (-10% HP)
You are weak. (Str -2)


Message History

An ice devil is nearby!
You closely miss the ice devil. You barely miss the ice devil.
The ice devil hits you but does no damage.
You thump the ice devil!
The ice devil is moderately wounded.
The ice devil barely misses you.
You barely miss the ice devil.
The ice devil is moderately wounded.
The ice devil hits you but does no damage.
You hit the ice devil but do no damage.
The ice devil is moderately wounded.
The ice devil hits you but does no damage.
You closely miss the ice devil.
The ice devil is moderately wounded.
The ice devil barely misses you.
You closely miss the ice devil.
The ice devil is moderately wounded.
The ice devil hits you! The ice devil freezes you!
The ice devil hits you but does no damage.
You are too injured to fight recklessly!
You are too injured to fight recklessly!
You are too injured to fight recklessly!
You are too injured to fight recklessly!
You are too injured to fight recklessly!
You are too injured to fight recklessly!
You are too injured to fight recklessly!
You are too injured to fight recklessly!
You are too injured to fight recklessly!
You feel more attuned to ice.
e - a ring of ice (left hand)
r - a ring of positive energy (right hand)
The ice devil hits you. The ice devil freezes you! You resist.
* * * LOW HITPOINT WARNING * * *
You hit the ice devil.
The ice devil is moderately wounded.
The ice devil hits you.
* * * LOW HITPOINT WARNING * * *
The ice devil freezes you! You resist.
You die...

##.# #.# #.# #.#
########)#
#........#
#.##.....#
#.##.##4##.##.##
#......@...##.#
####.##.#####.#
#.# #.# #.. ..#
### ###


You could see an ice devil (summoned).

Vanquished Creatures
  2 adders (D:2)
  A worm (D:2)
  2 ball pythons
  6 endoplasms
  2 giant cockroaches (D:1)
  4 goblins
  A hobgoblin (D:2)
  4 kobolds
  3 quokkas
  5 bats
  A frilled lizard (D:1)
  5 rats
36 creatures vanquished.

Vanquished Creatures (others)
  A plant (D:2)
1 creature vanquished.

Grand Total: 37 creatures vanquished

Notes
Turn   | Place    | Note
-------+----------+-------------------------------------------
     0 | D:1      | Arum the Formicid Fighter began the quest for the Orb.
     0 | D:1      | Reached XP level 1. HP: 18/18 MP: 1/1
   230 | D:1      | Reached XP level 2. HP: 24/24 MP: 2/2
   679 | D:2      | Reached XP level 3. HP: 27/30 MP: 3/3
   808 | D:2      | Found a faded altar of an unknown god.
   812 | D:2      | Prayed at the altar of an unknown god.
   812 | D:2      | Became a worshipper of Xom of Chaos
   827 | D:2      | Fell from the grace of Xom
   842 | D:2      | XOM: give mutations
   842 | D:2      | Gained mutation: You are frail. (-10% HP) [Xom's mischief]
   842 | D:2      | Gained mutation: You are weak. (Str -2) [Xom's mischief]
   842 | D:2      | Gained mutation: You are very weak. (Str -4) [Xom's
                  | mischief]
   842 | D:2      | Lost mutation: You are very weak. (Str -4) [Xom's mischief]
   888 | D:2      | Reached XP level 4. HP: 31/33 MP: 4/4
  1220 | D:2      | XOM: summons 1 hostile demon
  1221 | D:2      | Noticed an ice devil
  1230 | D:2      | Mangled by an ice devil

Illustrated notes

Levels and vault maps discovered:
D:1:      dpeg_arrival_rhombus, layout_basic
D:2:      layout_loops_cross, shapermc_ecumenical_altar_acropolis,
          kennysheep_generic_room_12

Skill      XL: |  1  2  3  4 |
---------------+-------------+-----
Fighting       | 4 |  4.0
Armour         | 4 |  4.0
Staves         | |  2.9
Shields        | |  4.0

Action                   |  1- 3 |  4- 6 || total
-------------------------+-------+-------++-------
Melee: Quarterstaff      |    70 |    33 ||   103
Invok: Renounce Religion |     1 |       ||     1
Armor: Scale mail        |    21 |    15 ||    36
Dodge: Dodged            |    25 |    12 ||    37
Block: Buckler           |    21 |     1 ||    22
